 Dungeon Crawl Stone Soup version 0.30-a0-718-geaa24f58ff (webtiles) character file.

Game seed: 8641547882008408524

138 Newt the Trooper (level 5, 0/46 HPs)
             Began as a Draconian Transmuter on Jan 25, 2023.
             Slain by a kobold brigand
             ... wielding a +0 dagger of venom
              (2 damage)
             ... in a sewer.
             The game lasted 00:02:56 (2200 turns).

Newt the Trooper (Draconian Transmuter)             Turns: 2200, Time: 00:02:57

Health: 0/46       AC:  5    Str: 14    XL:     5   Next: 1%
Magic:  8/8        EV: 13    Int: 14    God:
Gold:   116        SH:  0    Dex: 15    Spells: 5/8 levels left

rFire   + . .      SeeInvis .      - Unarmed
rCold   . . .      Faith    .    (no shield)
rNeg    . . .      Spirit   .    (body armour unavailable)
rPois   .          Reflect  .    (helmet currently unavailable)
rElec   .          Harm     .    (no cloak)
rCorr   .          Rampage  .    (no gloves)
Will    .....      Clarity  +    (boots currently unavailable)
Stlth   +                        (no amulet)
HPRegen 0.27/turn                c - ring of protection from fire
MPRegen 0.11/turn                g - +6 ring of dexterity

@: mighty, lethally poisoned (0 -> -12), appendages (expiring), flying, hasted,
very quick
A: horns 2, talons 2, AC +5, unfitting armour, cold-blooded, clarity, clumsy 1
a: End Transformation


You were in a sewer.
You had temporarily grown beastly horns and talons.
You visited 1 branch of the dungeon, and saw 3 of its levels.
You also visited: Sewer.

You collected 116 gold pieces.

Inventory:

Missiles
 f - 6 boomerangs
Armour
 r - a +0 tower shield
Jewellery
 c - a ring of protection from fire (left hand)
 g - a +6 ring of dexterity (right hand)
Wands
 q - a wand of paralysis (5)
Scrolls
 b - a scroll of magic mapping
 e - 3 scrolls of teleportation
 i - a scroll of vulnerability
 j - a scroll of noise
 k - 2 scrolls of amnesia
 n - a scroll of poison
 s - a scroll of identify
Potions
 a - a potion of lignification
 m - a potion of brilliance {unknown}


   Skills:
 - Level 4.0 Fighting
 + Level 3.4 Dodging
 - Level 3.0 Unarmed Combat
 - Level 2.0 Spellcasting
 - Level 2.0 Transmutations


You had 5 spell levels left.
You knew the following spells:

 Your Spells              Type           Power      Damage    Failure   Level
a - Beastly Appendage     Tmut           14%        N/A       11%         1
b - Wereblood             Tmut           7%         N/A       16%         2

Your spell library contained the following spells:

 Spells                   Type           Power      Damage    Failure   Level
 Magic Dart               Conj           4%         1d3       24%         1
 Call Imp                 Summ           1%         N/A       34%         2
 Spider Form              Tmut/Pois      4%         N/A       43%         3
 Mephitic Cloud           Conj/Pois/Air  1%         N/A       56%         3
 Ice Form                 Ice/Tmut       4%         N/A       83%         4
 Summon Lightning Spire   Summ/Air       1%         N/A       93%         4
 Storm Form               Tmut/Air       2%         N/A       100%        7
 Maxwell's Capacitive Co  Air            0%         ∞         100%        8


Dungeon Overview and Level Annotations

Branches:
Dungeon (3/15)              Sewer (1/1)

Altars:


Innate Abilities, Weirdness & Mutations

You have temporarily grown beastly horns and talons.
Your plain brown scales are hard. (AC +5)
You cannot fit into any form of body armour.
You are cold-blooded and may be slowed by cold attacks.
You possess an exceptional clarity of mind.
You are clumsy. (Dex -2)


Message History

The kobold brigand is severely wounded.
You feel very sick.
The kobold brigand hits you with a +0 dagger of venom.
* * * LOW HITPOINT WARNING * * *
You feel much better.
You feel very sick.
The kobold brigand hits you with a +0 dagger of venom.
You are more poisoned.
You hit the kobold brigand.
You tail-slap the kobold brigand, but do no damage.
The kobold brigand is severely wounded.
You feel very sick.
The kobold brigand hits you but does no damage.
You are more poisoned.
You barely miss the kobold brigand. Your kick misses the kobold brigand.
The kobold brigand is severely wounded.
You feel very sick.
The kobold brigand hits you but does no damage.
You are lethally poisoned!
It was a potion of haste.
You feel yourself speed up.
You feel very sick. The kobold brigand misses you.
It was a potion of flight.
You feel very buoyant.
You fly up into the air.
* * * LOW HITPOINT WARNING * * *
You feel very sick.
The kobold brigand hits you with a +0 dagger of venom.
* * * LOW HITPOINT WARNING * * *
It was a potion of mutation.
You feel extremely strange.
Your thoughts seem clearer.
You feel clumsy.
Your transformation is almost over.
* * * LOW HITPOINT WARNING * * *
You feel very sick.
It was a potion of might.
You feel very mighty all of a sudden.
* * * LOW HITPOINT WARNING * * *
You feel very sick.
The kobold brigand hits you with a +0 dagger of venom.
You die...

### ### ###.####..
#####.........
###...........P.
#..†............
#######...............
#....#................
#!..K@.~~...P~~.......
#.∩..'~~....~~~~~~...~
#....#~~~.P~P~~~~P..P~
##############~#######
~~~~ ~~ ≈≈ ≈≈


You could see a kobold brigand.

Vanquished Creatures
  2 orc wizards (D:3)
  An adder (D:2)
  A worm (D:2)
  3 orcs (D:3)
  9 ball pythons
  5 bats
  7 endoplasms
  9 giant cockroaches
  3 goblins
  3 hobgoblins
  2 jackals (D:1)
  13 kobolds
  3 quokkas
  3 frilled lizards
  3 rats
67 creatures vanquished.

Notes
Turn   | Place    | Note
-------+----------+-------------------------------------------
     0 | D:1      | Newt the Draconian Transmuter began the quest for the Orb.
     0 | D:1      | Reached XP level 1. HP: 16/16 MP: 3/3
   150 | D:1      | Reached skill level 2 in Fighting
   161 | D:1      | Reached XP level 2. HP: 25/25 MP: 5/5
   637 | D:1      | Reached skill level 3 in Fighting
   962 | D:2      | Learned a level 2 spell: Wereblood
  1016 | D:2      | Reached XP level 3. HP: 31/31 MP: 3/6
  1447 | D:2      | Reached skill level 4 in Fighting
  1776 | D:3      | Reached XP level 4. HP: 25/40 MP: 5/7
  1989 | D:3      | Found a glowing drain.
  2048 | Sewer    | Entered a sewer
  2165 | Sewer    | Reached XP level 5. HP: 46/46 MP: 8/8
  2199 | Sewer    | Gained mutation: You possess an exceptional clarity of
                  | mind. [potion of mutation]
  2199 | Sewer    | Gained mutation: You are clumsy. (Dex -2) [potion of
                  | mutation]
  2200 | Sewer    | HP: 2/46 [poisoned by a kobold brigand]
  2200 | Sewer    | Slain by a kobold brigand

Illustrated notes

Levels and vault maps discovered:
D:1:      lightli_arrival_isolated_outpost, layout_basic, dk_noncrumbling_4
D:2:      layout_loops_ring, minivault_26, grunt_decor_arrowhead
D:3:      layout_basic, mainiacjoe_overflow_24_doors, amcnicky_altar_gilded,
          basic_ecumenical_altar, gup_sewer_entry_pipe
Sewer:    kennysheep_pipe_town

Skill      XL: |  1  2  3  4 |
---------------+-------------+-----
Fighting       | 2 3 4 |  4.0
Dodging        | 2 3 |  3.4
Unarmed Combat | |  3.0
Spellcasting   | |  2.0
Transmutations | |  2.0

Action                     |  1- 3 |  4- 6 || total
---------------------------+-------+-------++-------
  Melee: Unarmed           |   174 |   141 ||   315
         Tailslap          |    26 |    20 ||    46
         Kick              |     6 |     7 ||    13
         Punch             |     4 |     1 ||     5
         Headbutt          |     1 |     2 ||     3
   Cast: Beastly Appendage |     4 |     4 ||     8
         Wereblood         |     1 |     1 ||     2
    Use: Scroll            |     8 |     2 ||    10
         Potion            |       |     5 ||     5
   Stab: Sleeping          |     1 |       ||     1
 Armour: Skin              |    49 |    55 ||   104
  Dodge: Dodged            |    78 |    67 ||   145

Table legend: (Time is in decaauts)
 A = Elapsed time spent in this place.
 B = Non-inter-level travel time spent in this place.
 C = Inter-level travel time spent in this place.
 D = Time resting spent in this place.
 E = Time spent auto-exploring this place.
 F = Levels seen in this place.
 G = Mean time per level.
                   A        B        C        D        E       F      G
               +--------+--------+--------+--------+--------+-----+--------+
         Total |   2202 |   2153 |     49 |    102 |   1451 |   4 |  550.5 |
       Dungeon |   2045 |   1996 |     49 |    102 |   1363 |   3 |  681.7 |
         Sewer |    156 |    156 |      0 |      0 |     88 |   1 |  156.0 |
               +--------+--------+--------+--------+--------+-----+--------+

Top non-repeatable levels by time:
     D:1: 904 daAuts
     D:2: 804 daAuts
     D:3: 336 daAuts
   Sewer: 156 daAuts
